Map: Neon Violet Square LE

Players

axu

  • Race: Protoss Protoss
  • League: Platinum
  • Spawn Location: 11:00

Cheater 1 (Insane) - Winner!

  • Race: Zerg Zerg
  • Spawn Location: 5:00

VOD

Have the link to the VOD?

Description

Time

  • Played on: April 16, 2018, 9:35 a.m.
  • Length: 19:08
Show
View Real Time Build Order
Export as new Build Order

axu Protoss 

Build Orders: 1 Gate Expand 

Get SALT Encoding   

  12  0:01  Probe  
  13  0:16  Probe  
  14  0:24  Pylon  
  14  0:28  Probe  
  15  0:42  Probe  
  16  0:43  Gateway  
  16  0:54  Probe (Chrono Boost)  
  17  0:57  Assimilator  
  18  1:06  Probe (Chrono Boost)  
  18  1:11  Probe (Chrono Boost)  
  19  1:20  Probe  
  20  1:31  Nexus  
  20  1:42  Cybernetics Core  
  20  1:58  Pylon  
  20  2:00  Probe  
  21  2:04  Assimilator  
  21  2:22  Warp Gate (Chrono Boost)  
  21  2:25  Adept  
  23  2:33  Gateway  
  23  2:45  Probe x2  
  25  2:57  Probe  
  25  2:58  Adept  
  25  3:02  Shield Battery, Probe  
  28  3:09  Probe  
  29  3:14  Probe  
  30  3:21  Twilight Council  
  30  3:22  Probe  
  29  3:37  Adept x2  
  29  3:38  Probe (Chrono Boost)  
  29  3:40  Probe (Chrono Boost)  
  35  3:51  Probe (Chrono Boost)  
  35  3:52  Probe (Chrono Boost)  
  37  3:56  Robotics Facility, Probe (Chrono Boost)  
  38  4:21  Probe x2  
  38  4:22  Templar Archives  
  40  4:30  Pylon  
  40  4:33  Pylon, Probe x2  
  40  4:36  Resonating Glaives  
  43  4:45  Probe x2  
  43  4:47  Assimilator  
  43  4:52  Assimilator  
  44  4:57  Probe x2  
  46  5:05  Gateway  
  46  5:07  Gateway  
  46  5:10  High Templar  
  48  5:21  Adept  
  48  5:22  Warp Prism  
  52  5:29  Probe x2 (Chrono Boost)  
  54  5:40  Probe x2 (Chrono Boost)  
  56  5:44  Adept x2  
  60  5:51  Nexus  
  60  5:52  Pylon  
  60  5:58  Pylon  
  60  6:08  Immortal (Chrono Boost)  
  58  6:13  Adept x2  
  58  6:14  Adept x2  
  58  6:33  Immortal (Chrono Boost)  
  58  6:35  Adept  
  58  6:36  Adept x3  
  70  6:40  Charge  
  71  6:47  Probe x2  
  72  6:56  Forge  
  72  6:59  Probe x2, Forge  
  74  7:01  Gateway  
  74  7:02  Gateway  
  74  7:09  Gateway  
  74  7:10  Gateway  
  74  7:14  Probe x3  
  77  7:17  Psionic Storm  
  77  7:23  Shield Battery  
  77  7:25  Shield Battery  
  77  7:26  Probe  
  78  7:37  Zealot x3  
  84  7:46  Protoss Ground Armor Level 1 (Chrono Boost), Protoss Ground Weapons Level 1 (Chrono Boost)  
  84  7:51  Probe x3  
  87  8:03  Probe x2  
  89  8:09  Pylon  
  89  8:12  Pylon  
  89  8:16  Pylon x2  
  89  8:18  Pylon x2  
  89  8:21  Pylon  
  89  8:25  Immortal  
  93  8:28  High Templar x3  
  93  8:29  High Templar  
  93  8:30  High Templar x3  
  107  8:35  Archon  
  107  8:36  Archon  
  107  8:45  Probe x3  
  107  8:47  Assimilator  
  110  8:51  Assimilator  
  110  8:57  Probe x3, Photon Cannon  
  110  8:58  Photon Cannon  
  110  9:01  Photon Cannon  
  113  9:03  Gateway  
  113  9:04  Immortal  
  113  9:09  Probe  
  119  9:10  Probe  
  120  9:21  Probe  
  120  9:22  Probe  
  116  9:31  Probe  
  116  9:39  Adept  
  116  9:40  Adept x5  
  116  9:41  Adept x2  
  116  9:44  Observer  
  133  10:05  Immortal, Nexus  
  121  10:24  High Templar x2  
  121  10:25  High Templar x5  
  135  10:28  Archon x2  
  135  10:29  Archon  
  135  10:32  High Templar  
  137  10:37  Archon  
  137  10:44  Immortal  
  141  10:52  Assimilator  
  141  10:56  Assimilator  
  141  10:58  Pylon  
  141  11:00  Zealot x4, Pylon  
  141  11:04  Pylon  
  149  11:09  Pylon  
  149  11:11  Pylon  
  149  11:15  Pylon  
  149  11:18  Pylon  
  149  11:29  Protoss Ground Armor Level 2 (Chrono Boost), Protoss Ground Weapons Level 2 (Chrono Boost)  
  149  11:30  Shield Battery  
  149  11:31  Shield Battery  
  149  11:33  Shield Battery  
  149  11:36  Shield Battery  
  149  11:38  Shield Battery  
  149  11:39  Photon Cannon  
  149  11:41  Photon Cannon  
  149  11:42  Stargate  
  149  11:43  Stargate, Photon Cannon  
  149  11:45  Stargate  
  149  11:46  Photon Cannon  
  149  11:49  Photon Cannon  
  149  11:50  Zealot x3  
  149  11:51  Zealot x4  
  129  12:10  Zealot x4  
  129  12:11  Zealot x3  
  129  12:12  Zealot  
  141  12:33  Probe x2  
  143  12:50  High Templar x3  
  143  12:51  High Templar x5  
  153  12:52  High Templar  
  153  12:55  Archon x2  
  161  13:00  Nexus  
  161  13:01  Pylon  
  161  13:03  Pylon  
  161  13:05  Fleet Beacon  
  161  13:06  Pylon  
  161  13:30  Zealot x5  
  161  13:31  Zealot x4  
  112  14:11  Stalker x5  
  112  14:12  Stalker x3  
  112  14:13  Stalker  
  98  14:37  Carrier (Chrono Boost)  
  98  14:38  Carrier x2 (Chrono Boost)  
  110  14:49  Protoss Ground Weapons Level 3 (Chrono Boost)  
  110  14:52  Protoss Shields Level 1  
  110  14:59  Mothership  
  118  15:09  Assimilator  
  118  15:14  Assimilator  
  118  15:17  Zealot x2  
  118  15:18  Zealot x5  
  118  15:19  Zealot  
  120  15:33  Immortal  
  114  15:38  High Templar x6  
  114  15:39  High Templar x3  
  126  15:45  Archon x2  
  126  15:46  Archon x2  
  126  15:55  Blink  
  126  15:56  Carrier  
  132  16:00  Carrier x2  
  144  16:22  Assimilator  
  144  16:35  Shield Battery  
  144  16:37  Shield Battery  
  144  16:39  Shield Battery  
  144  16:41  Shield Battery  
  144  16:42  Photon Cannon  
  144  16:43  High Templar x4, Photon Cannon  
  144  16:44  High Templar x2  
  144  16:46  Photon Cannon  
  156  16:48  Protoss Shields Level 2 (Chrono Boost)  
  156  16:49  Photon Cannon  
  156  16:51  Photon Cannon  
  156  17:08  Observer  
  157  17:19  Carrier (Chrono Boost)  
  163  17:32  Graviton Catapult (Chrono Boost)  
  163  17:33  Cybernetics Core  
  175  18:08  Observer  
  113  18:46  High Templar  
  113  18:47  High Templar x4  
  113  18:48  High Templar x2  
  111  18:51  Archon x3  
  111  18:55  Zealot x2  
Show
View Real Time Build Order
Export as new Build Order

Cheater 1 (Insane) Zerg - Winner!

Build Orders: Pool First, Lurkers, Zergling Baneling 

Get SALT Encoding   

  12  0:00  Drone  
  13  0:08  Drone  
  14  0:16  Overlord  
  14  0:31  Spawning Pool  
  14  0:33  Extractor  
  14  0:34  Drone  
  13  0:39  Drone  
  13  0:42  Drone  
  15  1:17  Hatchery  
  14  1:18  Zergling x2  
  14  1:19  Queen  
  14  1:24  Zergling x2  
  18  1:27  Drone  
  18  1:30  Zergling x2  
  20  1:40  Zergling x2  
  21  1:50  Zergling x2  
  22  2:02  Overlord  
  22  2:20  Zergling x2  
  23  2:23  Zergling x2  
  23  2:26  Zergling x6, Metabolic Boost  
  23  2:29  Baneling Nest  
  27  2:30  Drone  
  27  2:41  Overlord  
  27  2:44  Extractor  
  26  2:46  Drone  
  26  2:48  Drone  
  28  2:53  Drone  
  28  2:56  Drone  
  30  2:58  Drone  
  30  3:01  Drone  
  30  3:04  Zergling x2  
  31  3:07  Drone  
  31  3:10  Drone  
  32  3:13  Zergling x2  
  32  3:14  Baneling x7  
  32  3:15  Baneling  
  32  3:19  Zergling x2  
  33  3:22  Zergling x2  
  34  3:29  Zergling x2  
  34  3:30  Zergling x4  
  34  3:31  Zergling x2  
  37  3:35  Overlord  
  37  3:41  Zergling x2  
  37  3:46  Zergling x2  
  37  3:47  Roach Warren  
  38  3:52  Drone  
  38  3:54  Zergling x2  
  40  4:01  Overlord x2  
  40  4:29  Roach x6  
  52  4:32  Roach  
  52  4:33  Roach, Drone  
  57  4:40  Lair  
  57  4:45  Drone  
  57  4:52  Drone  
  59  4:57  Overlord  
  59  4:59  Drone  
  60  5:01  Drone  
  60  5:03  Drone  
  60  5:06  Drone  
  63  5:08  Drone  
  63  5:10  Drone  
  65  5:15  Drone  
  65  5:16  Overlord  
  66  5:23  Drone  
  66  5:25  Drone  
  68  5:33  Drone  
  69  5:36  Overlord, Drone x2  
  69  5:37  Drone  
  69  5:38  Centrifical Hooks  
  69  5:39  Hydralisk Den  
  69  5:41  Infestation Pit  
  70  5:44  Evolution Chamber, Hatchery  
  68  5:52  Drone  
  68  5:53  Drone  
  68  5:55  Drone  
  71  5:58  Drone  
  67  6:06  Evolution Chamber, Drone  
  67  6:08  Roach, Drone x2  
  67  6:10  Drone  
  69  6:11  Zerg Melee Weapons Level 1  
  69  6:13  Glial Reconstitution  
  69  6:15  Pneumatized Carapace  
  69  6:16  Drone  
  67  6:21  Burrow, Drone  
  66  6:27  Drone, Spine Crawler  
  66  6:28  Overseer  
  66  6:31  Drone, Spine Crawler  
  66  6:32  Zerg Ground Armor Level 1  
  62  6:35  Extractor  
  62  6:37  Ravager  
  62  6:38  Drone, Extractor  
  62  6:39  Infestor, Roach, Hydralisk  
  62  6:43  Roach  
  57  6:48  Zergling x2  
  57  6:53  Hydralisk  
  60  6:56  Hydralisk  
  60  6:58  Queen  
  60  6:59  Queen, Hydralisk  
  68  7:05  Drone  
  68  7:06  Extractor  
  68  7:07  Drone  
  69  7:09  Ravager, Extractor  
  69  7:10  Drone  
  69  7:12  Spore Crawler, Roach x2, Drone  
  69  7:13  Spore Crawler  
  73  7:16  Roach  
  73  7:18  Roach  
  73  7:21  Roach  
  79  7:27  Drone, Spine Crawler  
  79  7:28  Hatchery, Drone  
  79  7:31  Roach  
  81  7:38  Roach  
  81  7:39  Overlord  
  81  7:42  Roach  
  81  7:43  Infestor  
  81  7:44  Roach, Drone, Lurker Den  
  89  7:50  Roach, Drone  
  92  7:53  Drone  
  93  8:00  Overlord, Drone  
  93  8:03  Drone  
  95  8:05  Zerg Missile Weapons Level 1, Overseer  
  95  8:06  Roach, Drone x2, Spine Crawler, Overseer  
  95  8:11  Hydralisk  
  95  8:12  Evolution Chamber, Infestor, Drone x2  
  104  8:14  Drone  
  104  8:22  Overlord  
  104  8:23  Drone  
  104  8:25  Drone, Pathogen Glands  
  106  8:33  Drone x2  
  108  8:36  Drone  
  108  8:37  Roach, Drone  
  108  8:39  Drone x2  
  108  8:40  Overlord, Roach, Drone x3  
  108  8:41  Drone  
  120  8:45  Drone  
  120  8:46  Hatchery  
  120  8:48  Drone  
  121  8:49  Drone  
  121  8:50  Drone  
  123  8:55  Hydralisk  
  123  8:56  Drone  
  123  8:59  Overlord  
  123  9:01  Drone, Hydralisk x2  
  123  9:02  Hydralisk  
  127  9:06  Drone  
  127  9:07  Drone  
  127  9:08  Roach, Drone  
  127  9:09  Roach, Drone  
  135  9:14  Drone  
  135  9:15  Zergling x2  
  135  9:16  Drone, Zergling x2  
  136  9:17  Overlord  
  136  9:18  Drone x2  
  136  9:19  Roach, Drone  
  136  9:22  Roach  
  125  9:26  Hive  
  125  9:28  Hydralisk  
  125  9:29  Roach, Hydralisk  
  105  9:32  Hydralisk  
  105  9:37  Zerg Ground Armor Level 2  
  105  9:38  Roach x2, Zergling x2  
  112  9:39  Roach  
  112  9:40  Infestor, Hydralisk, Zergling x2  
  112  9:41  Roach x2, Spine Crawler, Hydralisk x2  
  112  9:42  Drone, Ravager  
  112  9:43  Spine Crawler  
  112  9:44  Roach  
  129  9:50  Overlord  
  129  9:51  Drone, Ravager  
  129  9:52  Roach, Drone  
  133  9:54  Drone  
  133  9:55  Queen  
  133  9:57  Drone  
  133  9:58  Drone  
  133  9:59  Queen  
  131  10:01  Drone, Zerg Missile Weapons Level 2  
  131  10:02  Drone, Lurker  
  131  10:03  Roach  
  131  10:05  Drone  
  131  10:06  Drone, Zergling x4  
  135  10:09  Drone x3  
  135  10:11  Overlord  
  135  10:12  Roach  
  135  10:13  Roach x3, Drone, Infestor, Hydralisk  
  135  10:14  Spire  
  146  10:16  Drone  
  146  10:19  Drone  
  145  10:24  Drone, Hydralisk  
  145  10:25  Drone  
  145  10:26  Drone, Lurker  
  151  10:29  Neural Parasite  
  151  10:30  Drone  
  151  10:34  Hydralisk x2  
  151  10:35  Overlord, Drone  
  157  10:36  Drone x2  
  157  10:37  Viper, Spine Crawler  
  157  10:39  Spore Crawler, Lair  
  157  10:41  Spore Crawler, Drone  
  160  10:43  Roach, Drone x2  
  160  10:44  Spore Crawler  
  160  10:45  Drone  
  160  10:46  Spine Crawler  
  160  10:47  Infestor, Roach  
  160  10:48  Spore Crawler, Drone  
  167  10:50  Spine Crawler  
  167  10:51  Hydralisk  
  167  10:52  Roach, Drone, Spine Crawler  
  167  10:53  Drone  
  167  10:54  Tunneling Claws  
  167  10:55  Ravager, Lurker  
  167  10:56  Overlord  
  173  10:57  Drone  
  173  10:58  Roach, Ravager  
  173  10:59  Roach  
  173  11:00  Baneling x2  
  173  11:01  Baneling x2  
  173  11:02  Zergling x2  
  173  11:03  Hatchery, Hydralisk  
  182  11:04  Drone  
  182  11:05  Baneling x2  
  182  11:06  Baneling x2  
  182  11:14  Viper, Overlord, Hydralisk x2, Zergling x2  
  182  11:16  Spine Crawler  
  182  11:17  Drone  
  190  11:30  Drone, Extractor  
  190  11:31  Extractor  
  190  11:32  Overlord, Drone, Hydralisk  
  192  11:33  Drone, Spine Crawler, Hydralisk x2  
  192  11:35  Baneling  
  192  11:36  Spore Crawler, Drone, Baneling, Zergling x2  
  192  11:38  Lurker  
  192  11:39  Spine Crawler  
  197  11:40  Drone  
  197  11:42  Spore Crawler  
  197  11:43  Drone  
  198  11:47  Spine Crawler  
  198  11:48  Drone  
  198  11:49  Spore Crawler  
  198  11:50  Drone, Corruptor  
  198  11:51  Spore Crawler  
  198  11:53  Drone, Zerg Ground Armor Level 3, Baneling  
  200  11:54  Spore Crawler, Zergling x2  
  200  11:56  Drone  
  200  11:57  Spore Crawler, Corruptor  
  200  11:58  Drone  
  200  11:59  Roach, Baneling  
  200  12:00  Roach, Zergling x2  
  200  12:01  Roach x2  
  197  12:02  Roach, Zergling x2, Greater Spire, Drone, Extractor  
  197  12:03  Roach x2, Extractor, Hydralisk, Zergling x2  
  197  12:04  Roach, Drone  
  197  12:05  Roach x2, Zergling x4  
  197  12:06  Zerg Melee Weapons Level 2, Roach x3, Hydralisk  
  197  12:07  Spore Crawler, Hydralisk  
  197  12:08  Hydralisk  
  178  12:09  Roach, Drone  
  178  12:10  Roach  
  178  12:11  Spore Crawler  
  178  12:14  Overlord  
  150  12:16  Roach, Drone  
  150  12:17  Roach  
  150  12:18  Roach x3, Baneling, Overseer x2  
  161  12:23  Overseer  
  161  12:27  Zerg Missile Weapons Level 3  
  161  12:30  Spine Crawler, Hydralisk  
  161  12:33  Overlord, Drone, Spine Crawler, Hydralisk x3  
  161  12:34  Drone  
  169  12:46  Spine Crawler, Hydralisk  
  169  12:49  Baneling  
  169  12:50  Baneling x2  
  169  12:51  Overlord, Drone, Hydralisk x3  
  171  12:55  Hatchery, Hydralisk  
  178  13:08  Baneling  
  178  13:09  Overlord, Drone, Hydralisk x2  
  178  13:10  Spine Crawler  
  178  13:11  Drone  
  183  13:12  Spore Crawler  
  183  13:13  Drone  
  183  13:15  Spore Crawler  
  183  13:16  Drone  
  183  13:18  Spore Crawler, Baneling  
  182  13:20  Drone  
  182  13:21  Drone x3, Spire  
  182  13:22  Drone x2  
  182  13:23  Brood Lord, Drone  
  182  13:24  Spore Crawler, Drone  
  182  13:27  Overlord, Drone, Corruptor  
  182  13:28  Brood Lord, Drone, Overseer  
  182  13:29  Overlord  
  188  13:39  Hydralisk  
  188  13:40  Drone, Corruptor  
  182  13:41  Overseer  
  182  13:45  Hydralisk x2  
  182  13:46  Hydralisk  
  182  13:47  Overlord, Zergling x4  
  182  13:48  Roach x3, Drone, Hydralisk  
  178  13:49  Roach, Hydralisk x2  
  178  13:50  Roach x3, Drone, Spine Crawler  
  178  13:51  Roach x2, Hydralisk x2  
  178  13:52  Roach x2  
  178  13:55  Roach x2  
  170  13:58  Roach x2  
  170  14:02  Roach  
  154  14:03  Drone  
  154  14:04  Drone  
  154  14:05  Zergling x2  
  154  14:06  Zergling x2  
  154  14:08  Roach, Zergling x2  
  154  14:09  Zergling x2  
  149  14:10  Zergling x2  
  149  14:12  Zergling x2  
  149  14:13  Zergling x2  
  146  14:17  Roach x2  
  146  14:20  Zergling x2  
  146  14:22  Zergling x2  
  146  14:23  Infestor  
  149  14:24  Zergling x2  
  149  14:25  Hatchery, Infestor  
  149  14:26  Drone  
  149  14:28  Hatchery, Drone  
  149  14:30  Roach, Drone  
  149  14:31  Roach  
  147  14:32  Roach  
  147  14:33  Roach  
  145  14:41  Zerg Melee Weapons Level 3  
  145  14:43  Queen  
  145  14:44  Adrenal Glands  
  145  14:45  Queen  
  147  14:46  Infestor  
  147  14:47  Infestor  
  147  14:48  Infestor  
  147  14:50  Infestor  
  147  14:51  Viper  
  147  14:52  Viper  
  163  14:54  Infestor  
  163  14:56  Infestor, Ravager  
  163  14:57  Roach  
  163  14:58  Overlord, Ravager  
  163  14:59  Roach  
  173  15:00  Spine Crawler, Hydralisk  
  173  15:01  Drone  
  173  15:02  Hydralisk  
  173  15:03  Roach, Hydralisk x6  
  173  15:04  Hydralisk  
  173  15:05  Hydralisk  
  173  15:06  Roach  
  183  15:07  Roach  
  183  15:08  Corruptor, Zergling x2  
  183  15:10  Corruptor  
  183  15:11  Zergling x2  
  183  15:12  Corruptor  
  189  15:14  Corruptor  
  189  15:18  Viper  
  189  15:20  Zergling x2  
  194  15:21  Roach  
  194  15:24  Roach, Hydralisk  
  194  15:26  Zergling x4  
  194  15:28  Viper, Hydralisk, Zergling x4  
  191  15:29  Infestor, Hydralisk  
  191  15:30  Hydralisk  
  191  15:33  Infestor, Hydralisk  
  190  15:36  Hydralisk  
  190  15:37  Zergling x2  
  190  15:38  Spine Crawler  
  190  15:39  Drone  
  190  15:40  Roach  
  190  15:41  Roach, Spine Crawler  
  194  15:45  Spine Crawler  
  194  15:46  Drone  
  194  15:47  Spore Crawler, Drone, Baneling  
  194  15:49  Drone, Spine Crawler  
  194  15:53  Spine Crawler  
  194  15:54  Drone  
  194  15:58  Drone, Spine Crawler  
  194  16:00  Drone  
  194  16:01  Spine Crawler, Queen  
  194  16:02  Drone  
  195  16:04  Zerg Flyer Weapons Level 1  
  195  16:07  Ravager, Baneling x2, Lurker  
  195  16:08  Brood Lord, Zerg Flyer Armor Level 1  
  199  16:16  Spine Crawler, Hydralisk  
  200  16:19  Hatchery, Drone x2, Spine Crawler  
  200  16:22  Spine Crawler  
  200  16:23  Drone  
  200  16:25  Spine Crawler  
  200  16:26  Drone  
  200  16:29  Drone, Spine Crawler  
  200  16:32  Spore Crawler, Drone  
  200  16:35  Spore Crawler  
  200  16:36  Drone  
  200  16:37  Spore Crawler, Drone  
  200  16:40  Spore Crawler, Drone  
  200  16:41  Baneling x3  
  200  16:42  Baneling  
  200  16:50  Drone, Spine Crawler  
  200  16:53  Spore Crawler, Drone  
  200  16:59  Baneling  
  200  17:05  Spore Crawler, Drone  
  200  17:09  Spore Crawler, Baneling x3  
  200  17:10  Drone, Baneling  
  200  17:14  Spore Crawler, Drone  
  200  17:17  Spore Crawler, Drone  
  200  17:20  Spore Crawler, Drone  
  200  18:05  Infestor  
  200  18:12  Hatchery, Drone  
  198  18:13  Drone  
  198  18:16  Roach  
  198  18:18  Spore Crawler  
  198  18:19  Roach  
  200  18:26  Drone  
  200  18:27  Infestor x3, Zergling x2, Drone, Extractor  
  199  18:30  Roach, Zergling x2  
  199  18:32  Roach x2  
  199  18:33  Roach  
  199  18:35  Roach, Extractor  
  199  18:36  Drone, Extractor  
  199  18:37  Roach, Drone  
  199  18:38  Roach  
  199  18:39  Roach x2, Extractor  
  199  18:40  Drone, Hydralisk  
  199  18:41  Hydralisk, Extractor  
  199  18:42  Drone  
  199  18:44  Extractor  
  199  18:47  Spore Crawler, Drone  
  199  18:48  Drone  
  199  18:55  Extractor  
  198  18:56  Drone  
Tags
 
Add a new tag
Caveats
  • Supply blocks, unpowered buildings, or Contaminate may cause inaccurate times.
  • Supply counts are checked every 10 seconds.